 Dungeon Crawl Stone Soup version 0.23-a0-78-gc252fe1 (webtiles) character file.

98 galech the Skirmisher (level 4, 0/55 HPs)
             Began as a Demonspawn Berserker on Aug 10, 2018.
             Was a Believer of Trog.
             Slain by an orc
             ... wielding a +0 mace
              (9 damage)
             ... on level 3 of the Dungeon.
             The game lasted 00:04:43 (2437 turns).

galech the Skirmisher (Demonspawn Berserker)        Turns: 2437, Time: 00:04:43

Health: 0/55       AC:  3    Str: 23    XL:     4   Next: 43%
Magic:  4/4        EV: 13    Int:  8    God:    Trog [**....]
Gold:   72         SH:  0    Dex: 13    Spells: 3/3 levels left

rFire    . . .     SeeInvis +   n - +0 hand axe (chop)
rCold    . . .     Gourm    .   (no shield)
rNeg     . . .     Faith    .   b - +0 animal skin
rPois    .         Spirit   .   h - +0 helmet
rElec    .         Reflect  .   (no cloak)
rCorr    .         Harm     .   (no gloves)
MR       .....                  (no boots)
Stlth    ..........             (no amulet)
HPRegen  0.18/turn              d - ring of flight
MPRegen  0.09/turn              f - ring of see invisible

@: berserking, very quick
A: talons 1, powered by death 1
a: Berserk, Trog's Hand, Renounce Religion, Evoke Flight


You were on level 3 of the Dungeon.
You worshipped Trog.
Trog was pleased with you.
You were hungry.

You visited 1 branch of the dungeon, and saw 3 of its levels.

You collected 72 gold pieces.

Inventory:

Hand Weapons
 a - a +0 hand axe
 n - a +0 hand axe of chopping (weapon)
Armour
 b - a +0 animal skin (worn)
 h - a +0 helmet (worn)
Jewellery
 d - a ring of flight (left hand)
 f - a ring of see invisible (right hand)
Scrolls
 e - a scroll of teleportation {unknown}
 i - 2 scrolls of magic mapping {unknown}
 k - 2 scrolls of remove curse {unknown}
 l - 2 scrolls of blinking {unknown}
 m - a scroll of fog {unknown}
Potions
 g - 3 potions of curing {unknown}
Comestibles
 c - 5 rations
 j - 4 chunks of flesh


   Skills:
 + Level 3.9 Fighting
 + Level 3.6 Axes
 + Level 1.8 Armour
 + Level 2.4 Dodging
 + Level 0.5 Stealth


You had 3 spell levels left.
You didn't know any spells.
Your spell library was empty.

Dungeon Overview and Level Annotations

Branches:
Dungeon (3/15)

Altars:
Makhleb
Ru
Uskayaw
Vehumet
Yredelemnul


Innate Abilities, Weirdness & Mutations

You have sharp toenails.
You regenerate a little health from kills.


Message History

The orc is heavily wounded.
You hit the orc but do no damage. The orc barely misses you.
The orc throws a tomahawk.
The tomahawk hits you. The orc hits you with a mace!
You are too injured to fight recklessly!
You are too injured to fight recklessly!
A red film seems to cover your vision as you go berserk!
You feel yourself moving faster!
You feel mighty!
You are feeling hungry.
The orc closely misses you.
The orc throws a tomahawk.
The tomahawk hits you.
* * * LOW HITPOINT WARNING * * *
The orc misses you.
Unknown command.
You feel a strong urge to attack something.
The orc closely misses you. The orc hits you with a flail.
* * * LOW HITPOINT WARNING * * *
Things that are here:
a hand axe; a leather armour You barely miss the orc.
Your kick misses the orc. You completely miss the orc.
You hit the orc but do no damage. The orc hits you with a mace!
You die...

#. #. #[## ..#####
#######.....#
#.......?##.#
#......o.##.#
#.....o@(...##
#......o.....#
#########....## ##
# #.#...#########.
#...##............
##.##..........##.)
....(.###.####.#(..
##.#####
#.####.#..# #.#
##..........


You could see 3 orcs.

Vanquished Creatures
  3 adders
  A worm (D:2)
  A dart slug (D:2)
  2 leopard geckos
  4 orcs (D:3)
  3 giant cockroaches
  5 goblins
  9 hobgoblins
  5 jackals
  A quokka (D:3)
  A ball python (D:3)
  10 bats
  A frilled lizard (D:3)
  4 kobolds
  5 rats
55 creatures vanquished.

Notes
Turn   | Place    | Note
-------+----------+-------------------------------------------
     0 | D:1      | galech the Demonspawn Berserker began the quest for the Orb.
     0 | D:1      | Reached XP level 1. HP: 18/18 MP: 1/1
   160 | D:1      | Gained mutation: You regenerate a little health from kills. [demonic ancestry]
   160 | D:1      | Reached XP level 2. HP: 19/24 MP: 2/2
   954 | D:2      | Reached ** piety under Trog
   979 | D:2      | Found a sacrificial altar of Ru.
   979 | D:2      | Found a hide-covered altar of Uskayaw.
   984 | D:2      | Found a radiant altar of Vehumet.
   986 | D:2      | Found a burning altar of Makhleb.
   988 | D:2      | Found a basalt altar of Yredelemnul.
  1103 | D:2      | Gained mutation: You have sharp toenails. [demonic ancestry]
  1103 | D:2      | Reached XP level 3. HP: 30/30 MP: 3/3
  2119 | D:3      | Reached XP level 4. HP: 37/37 MP: 4/4
  2437 | D:3      | Slain by an orc

Vault maps used:
D:1:      tarquinn_simple_flora_water_b, minivault_19, st_stairs_9
D:2:      chequers_temple_overflow_minitemple, first_ration, grunt_ministairs_5
D:3:      ebering_ghost_sewer_d, minmay_ogre_servants

Skill      XL: |  1  2 |
---------------+-------+-----
Axes           | 3 |  3.6
Dodging        | 2 |  2.4
Fighting       | |  3.9
Armour         | |  1.8
Stealth        | |  0.5

Action                   |  1- 3 |  4- 6 || total
-------------------------+-------+-------++-------
Melee: Hand axe          |   120 |    43 ||   163
       Kick              |     9 |    10 ||    19
Invok: Berserk           |     2 |     1 ||     3
 Stab: Sleeping          |       |     1 ||     1
  Eat: Chunk             |     6 |     1 ||     7
Armor: Animal skin       |    37 |    17 ||    54
Dodge: Dodged            |    86 |    37 ||   123

Table legend:
 A = Non-vault XP
 B = Vault XP
 C = Vault XP percentage of total XP
 D = Non-vault monster count
 E = Vault monster count
 F = Vault count percentage of total count
 G = Total turns spent on level
                 A         B        C        D         E       F
            +---------+---------+-------+---------+---------+-------
      Total |     130 |      10 |   7.1 |      49 |       6 |  10.9
            +---------+---------+-------+---------+---------+-------
        D:1 |      24 |       3 |  11.1 |      14 |       2 |  12.5
        D:2 |      42 |       7 |  14.3 |      14 |       4 |  22.2
        D:3 |      64 |       0 |   0.0 |      21 |       0 |   0.0
            +---------+---------+-------+---------+---------+-------
